Nashville Predators vs Los Angeles Kings
Created - Tuesday, October 24, 2023 at 07:01
Goals
|
| Nashville Predators |
0 |
3 |
1 |
4 |
| Los Angeles Kings |
0 |
0 |
3 |
3 |
|
Shots
|
| Nashville Predators |
12 |
22 |
11 |
45 |
| Los Angeles Kings |
10 |
8 |
24 |
42 |
|
1st period
No Goal
Penalties :
Cale Makar (NSH) for Holding (Minor) at 4:20
2nd period
1. Nashville Predators , Blake Wheeler 17 (Corey Perry 14) at 4:50 (PP)
2. Nashville Predators , Corey Perry 7 (Rasmus Ristolainen 12, Cale Makar 32) at 17:27 (PP)
3. Nashville Predators , Patrick Maroon 8 (Ethan Bear 8, Ryan Carpenter 7) at 18:21
Penalties :
Rasmus Ristolainen (NSH) for Interference (Minor) at 2:01, Alexander Radulov (LAK) for Roughing (Minor) at 4:46, Kevin Labanc (NSH) for Tripping (Minor) at 10:45, Andrei Svechnikov (LAK) for Tripping (Minor) at 16:48
3rd period
4. Los Angeles Kings , Joshua Brown 3 (Rasmus Sandin 9, Jakub Zboril 4) at 6:07
5. Nashville Predators , Thomas Novak 13 (Blake Wheeler 20) at 12:04
6. Los Angeles Kings , Andrei Svechnikov 11 (Kirby Dach 19, Andrei Kuzmenko 18) at 17:04 (PP)
7. Los Angeles Kings , Vitali Kravtsov 8 (Cooper Marody 13, K'Andre Miller 14) at 18:25
Penalties :
Riley Nash (NSH) for Roughing (Minor) at 3:22, Michael Carcone (NSH) for Roughing (Minor) at 9:52, Blake Wheeler (NSH) for Interference (Minor) at 16:50
Goalie Stats
Adin Hill (NSH), 39 saves from 42 shots - (0.929), W, 16-12-3, 60:00 minutes
Jonas Johansson (LAK), 41 saves from 45 shots - (0.911), L, 4-8-2, 59:26 minutes
Players Stats for Nashville Predators
Player Name G A P +/- PIM S H SB GA TA FO MP PP MP PK MP
------------------------------------------------------------------------------------
Alex Newhook 0 0 0 0 0 4 0 0 0 0 1/1 11:59 0:00 0:09
Alexander Alexeyev 0 0 0 1 0 0 0 4 0 1 0/0 20:26 0:04 4:36
Blake Wheeler 1 1 2 0 2 9 2 1 1 0 2/4 17:45 0:19 1:58
Brett Leason 0 0 0 1 0 2 0 0 0 2 0/0 14:52 0:00 4:25
Cale Makar 0 1 1 -1 2 3 2 0 0 0 0/0 20:01 0:39 3:28
Corey Perry 1 1 2 0 0 4 2 1 0 0 1/1 13:24 0:19 0:00
Ethan Bear 0 1 1 1 0 2 1 2 0 1 0/0 20:43 0:04 4:42
Justin Braun 0 0 0 0 0 1 2 3 0 1 0/0 18:08 0:00 1:25
Kevin Labanc 0 0 0 1 2 1 2 0 1 0 1/1 15:29 0:19 0:39
Michael Carcone 0 0 0 0 2 7 2 0 0 0 6/9 11:57 0:00 0:00
Nate Schmidt 0 0 0 0 0 3 0 0 0 2 0/0 19:36 0:00 1:56
Patrick Maroon 1 0 1 1 0 2 1 1 0 1 0/0 11:56 0:00 0:30
Rasmus Ristolainen 0 1 1 -1 2 1 3 2 0 0 0/0 20:57 0:39 4:11
Riley Nash 0 0 0 -2 2 1 0 0 0 1 11/18 16:04 0:24 3:37
Ryan Carpenter 0 1 1 1 0 1 0 0 0 0 4/10 14:46 0:00 4:25
Sam Gagner 0 0 0 -1 0 1 1 0 1 0 0/0 11:59 0:24 0:00
Thomas Novak 1 0 1 1 0 2 1 0 1 1 13/21 13:10 0:24 0:00
Zemgus Girgensons 0 0 0 -2 0 1 0 2 0 0 0/0 16:33 0:00 4:35
Players Stats for Los Angeles Kings
Player Name G A P +/- PIM S H SB GA TA FO MP PP MP PK MP
------------------------------------------------------------------------------------
Alexander Radulov 0 0 0 -1 2 1 0 3 0 0 0/1 10:31 0:07 0:00
Alexander Romanov 0 0 0 0 0 3 0 1 0 2 0/0 23:20 5:14 0:18
Andrei Kuzmenko 0 1 1 -1 0 5 2 0 2 0 0/2 18:11 5:13 0:18
Andrei Svechnikov 1 0 1 -1 2 3 0 0 1 0 0/2 17:56 5:13 0:04
Cooper Marody 0 1 1 0 0 1 1 0 0 0 3/9 12:30 0:00 0:18
Erik Brannstrom 0 0 0 1 0 1 0 1 0 0 0/0 14:19 0:00 0:00
Jakub Zboril 0 1 1 1 0 2 2 0 0 0 0/1 11:39 0:00 0:00
Joshua Brown 1 0 1 1 0 2 1 1 0 1 0/0 14:19 0:00 0:00
K'Andre Miller 0 1 1 0 0 2 0 5 0 0 0/0 23:20 5:14 0:18
Kirby Dach 0 1 1 -1 0 3 1 0 1 0 11/26 18:18 5:13 0:25
Nicklas Backstrom 0 0 0 0 0 4 2 0 0 0 9/17 17:51 4:56 0:18
Noah Dobson 0 0 0 -1 0 1 1 1 0 0 0/0 22:21 4:55 0:25
Owen Power 0 0 0 -1 0 1 0 1 0 0 0/0 22:21 4:55 0:25
Peyton Krebs 0 0 0 0 0 1 0 1 2 1 0/1 17:29 4:49 0:03
Rasmus Sandin 0 1 1 1 0 5 0 0 1 0 0/0 11:39 0:00 0:00
Ryan Reaves 0 0 0 2 0 3 1 2 0 0 3/6 13:26 0:00 0:00
Seth Jarvis 0 0 0 0 0 3 1 0 1 0 0/0 17:33 4:56 0:00
Vitali Kravtsov 1 0 1 0 0 1 0 0 2 0 0/0 12:12 0:00 0:00
3 Stars
1 - Corey Perry (NSH)
2 - Patrick Maroon (NSH)
3 - Blake Wheeler (NSH)
Power Play
Nashville Predators - 2 on 2 Attempt(s) - 100.00%
Los Angeles Kings - 1 on 6 Attempt(s) - 16.67%
Penalty Kill
Nashville Predators - 5 on 6 Attempt(s) - 83.33%
- Score 0 goal in Penalty Kill
Los Angeles Kings - 0 on 2 Attempt(s) - 0.00%
- Score 0 goal in Penalty Kill
Team Stat
Nashville Predators - Hits : 19 - Faceoff Wins : 39 - Blocked Shots : 16 - Penalty Minutes : 12
Los Angeles Kings - Hits : 12 - Faceoff Wins : 26 - Blocked Shots : 16 - Penalty Minutes : 4
Official
Referees : Dan O'Halloran and Frederick L'Ecuyer
Linesman : Scott Driscoll and Jay Sharrers
Game Notes
Alexander Radulov is injured at 17:31 of 3rd period (Bruised Right Arm)
Finance
Level 1 -- Attendance: 4218 (70.30%) -- Ticket Income $421,800
Level 2 -- Attendance: 3811 (76.22%) -- Ticket Income $228,660
Level 3 -- Attendance: 2428 (80.93%) -- Ticket Income $84,980
Level 4 -- Attendance: 3538 (70.76%) -- Ticket Income $88,450
Luxury Box -- Attendance: 788 (78.80%) -- Ticket Income $157,600
Game was played at the Staples Center.
Total Attendance: 14783 (73.92%)
Total Ticket Income: $981,490
Other Income: $343,522
Total Income: $1,325,012
Nashville Predators
5 vs 5 Forward
Center Left Wing Right Wing Time % Phy DF OF
1 Thomas Novak Kevin Labanc Blake Wheeler 30 1 2 2
2 Michael Carcone Alex Newhook Corey Perry 30 1 2 2
3 Riley Nash Zemgus Girgensons Sam Gagner 25 1 2 2
4 Ryan Carpenter Patrick Maroon Brett Leason 15 1 2 2
5 vs 5 Defense
Defense Defense Time % Phy DF OF
1 Cale Makar Rasmus Ristolainen 35 1 2 2
2 Nate Schmidt Justin Braun 35 1 2 2
3 Alexander Alexeyev Ethan Bear 30 1 2 2
4 Cale Makar Nate Schmidt 0 1 2 2
PowerPlay Forward
Center Left Wing Right Wing Time % Phy DF OF
1 Blake Wheeler Kevin Labanc Corey Perry 50 1 2 2
2 Thomas Novak Riley Nash Sam Gagner 50 1 2 2
PowerPlay Defense
Defense Defense Time % Phy DF OF
1 Cale Makar Rasmus Ristolainen 50 1 2 2
2 Alexander Alexeyev Ethan Bear 50 1 2 2
Penalty Kill 4 Players Forward
Center Wing Time % Phy DF OF
1 Riley Nash Zemgus Girgensons 50 1 2 2
2 Ryan Carpenter Brett Leason 50 1 2 2
Penalty Kill 4 Players Defense
Defense Defense Time % Phy DF OF
1 Cale Makar Rasmus Ristolainen 50 1 2 2
2 Ethan Bear Alexander Alexeyev 50 1 2 2
Penalty Kill - 3 Players Forward
Forward Time % Phy DF OF
1 Riley Nash 50 1 2 2
2 Ryan Carpenter 50 1 2 2
Penalty Kill - 3 Players Defense
Defense Defense Time % Phy DF OF
1 Cale Makar Rasmus Ristolainen 50 1 2 2
2 Alexander Alexeyev Ethan Bear 50 1 2 2
4 vs 4 Forward
Center Wing Time % Phy DF OF
1 Thomas Novak Blake Wheeler 50 1 2 2
2 Michael Carcone Kevin Labanc 50 1 2 2
4 vs 4 Defense
Defense Defense Time % Phy DF OF
1 Rasmus Ristolainen Cale Makar 50 1 2 2
2 Ethan Bear Alexander Alexeyev 50 1 2 2
Last Minutes Offensive
Center Left Wing Right Wing Defense Defense
Blake Wheeler Kevin Labanc Corey Perry Rasmus Ristolainen Nate Schmidt
Last Minutes Defensive
Center Left Wing Right Wing Defense Defense
Blake Wheeler Kevin Labanc Corey Perry Rasmus Ristolainen Nate Schmidt
Goaltenders
Starting : Adin Hill
Backup : Kevin Lankinen
Extra Forwards
Normal : Brett Leason, Alex Newhook, Zemgus Girgensons - PP : Brett Leason, Alex Newhook - PK : Zemgus Girgensons
Extra Defensemen
Normal : Alexander Alexeyev, Cale Makar, Nate Schmidt - PP : Alexander Alexeyev - PK : Ethan Bear, Nate Schmidt
Penalty Shots
Blake Wheeler, Corey Perry, Thomas Novak, Kevin Labanc, Riley Nash
Los Angeles Kings
5 vs 5 Forward
Center Left Wing Right Wing Time % Phy DF OF
1 Kirby Dach Andrei Svechnikov Andrei Kuzmenko 30 1 2 2
2 Nicklas Backstrom Peyton Krebs Seth Jarvis 30 1 2 2
3 Cooper Marody Vitali Kravtsov Alexander Radulov 25 1 2 2
4 Ryan Reaves Rasmus Sandin Jakub Zboril 15 1 2 2
5 vs 5 Defense
Defense Defense Time % Phy DF OF
1 K'Andre Miller Alexander Romanov 35 1 2 2
2 Noah Dobson Owen Power 35 1 2 2
3 Joshua Brown Erik Brannstrom 30 1 2 2
4 K'Andre Miller Alexander Romanov 0 1 2 2
PowerPlay Forward
Center Left Wing Right Wing Time % Phy DF OF
1 Kirby Dach Andrei Svechnikov Andrei Kuzmenko 50 1 2 2
2 Nicklas Backstrom Peyton Krebs Seth Jarvis 50 1 2 2
PowerPlay Defense
Defense Defense Time % Phy DF OF
1 K'Andre Miller Alexander Romanov 50 1 2 2
2 Noah Dobson Owen Power 50 1 2 2
Penalty Kill 4 Players Forward
Center Wing Time % Phy DF OF
1 Andrei Svechnikov Kirby Dach 50 1 2 2
2 Andrei Kuzmenko Nicklas Backstrom 50 1 2 2
Penalty Kill 4 Players Defense
Defense Defense Time % Phy DF OF
1 K'Andre Miller Alexander Romanov 50 1 2 2
2 Noah Dobson Owen Power 50 1 2 2
Penalty Kill - 3 Players Forward
Forward Time % Phy DF OF
1 Andrei Svechnikov 50 1 2 2
2 Kirby Dach 50 1 2 2
Penalty Kill - 3 Players Defense
Defense Defense Time % Phy DF OF
1 K'Andre Miller Alexander Romanov 50 1 2 2
2 Noah Dobson Owen Power 50 1 2 2
4 vs 4 Forward
Center Wing Time % Phy DF OF
1 Andrei Svechnikov Kirby Dach 50 1 2 2
2 Andrei Kuzmenko Nicklas Backstrom 50 1 2 2
4 vs 4 Defense
Defense Defense Time % Phy DF OF
1 K'Andre Miller Alexander Romanov 50 1 2 2
2 Noah Dobson Owen Power 50 1 2 2
Last Minutes Offensive
Center Left Wing Right Wing Defense Defense
Kirby Dach Andrei Svechnikov Andrei Kuzmenko K'Andre Miller Alexander Romanov
Last Minutes Defensive
Center Left Wing Right Wing Defense Defense
Kirby Dach Andrei Svechnikov Andrei Kuzmenko K'Andre Miller Alexander Romanov
Goaltenders
Starting : Jonas Johansson
Backup : John Gibson
Extra Forwards
Normal : Alexander Radulov, Ryan Reaves, Cooper Marody - PP : Alexander Radulov, Ryan Reaves - PK : Cooper Marody
Extra Defensemen
Normal : Joshua Brown, Erik Brannstrom, Rasmus Sandin - PP : Joshua Brown - PK : Erik Brannstrom, Rasmus Sandin
Penalty Shots
Andrei Svechnikov, Kirby Dach, Andrei Kuzmenko, Nicklas Backstrom, Seth Jarvis
% Time on Ice - Nashville Predators
Lines # - Real PCT - Wanted PCT - Time Play
Normal Forward
1 - 29% - 30% - 13:39
2 - 26% - 30% - 12:40
3 - 24% - 25% - 11:20
4 - 21% - 15% - 10:14
Normal Defense
1 - 35% - 35% - 16:43
2 - 35% - 35% - 16:56
3 - 28% - 30% - 13:36
4 - 1% - 0% - 0:38
PP Forward
1 - 44% - 50% - 0:19
2 - 56% - 50% - 0:24
PP Defense
1 - 91% - 50% - 0:39
2 - 9% - 50% - 0:04
PK Forward
1 - 53% - 50% - 5:20
2 - 47% - 50% - 4:49
PK Defense
1 - 55% - 50% - 5:33
2 - 45% - 50% - 4:36
PK3 Forward
1 - 0% - 50%
2 - 0% - 50%
PK3 Defense
1 - 0% - 50%
2 - 0% - 50%
44 Forward
1 - 0% - 50%
2 - 0% - 50%
44 Defense
1 - 0% - 50%
2 - 0% - 50%
Last Minute Offensive - 0:00
Last Minute Defensive - 1:15
Total
Forward - 60:00
Defense - 60:00
|
% Time on Ice - Los Angeles Kings
Lines # - Real PCT - Wanted PCT - Time Play
Normal Forward
1 - 25% - 30% - 11:59
2 - 26% - 30% - 12:37
3 - 25% - 25% - 12:12
4 - 24% - 15% - 11:39
Normal Defense
1 - 35% - 35% - 17:07
2 - 35% - 35% - 17:01
3 - 30% - 30% - 14:19
4 - 0% - 0% - 0:00
PP Forward
1 - 51% - 50% - 5:13
2 - 49% - 50% - 4:56
PP Defense
1 - 52% - 50% - 5:14
2 - 48% - 50% - 4:55
PK Forward
1 - 58% - 50% - 0:25
2 - 42% - 50% - 0:18
PK Defense
1 - 42% - 50% - 0:18
2 - 58% - 50% - 0:25
PK3 Forward
1 - 0% - 50%
2 - 0% - 50%
PK3 Defense
1 - 0% - 50%
2 - 0% - 50%
44 Forward
1 - 0% - 50%
2 - 0% - 50%
44 Defense
1 - 0% - 50%
2 - 0% - 50%
Last Minute Offensive - 0:41
Last Minute Defensive - 0:00
Total
Forward - 60:00
Defense - 60:00
|
Play-by-Play
1st period
0:01 of 1st period - Kirby Dach wins face-off versus Blake Wheeler in neutral zone.
0:06 of 1st period - Wrist shot by Andrei Kuzmenko.
0:06 of 1st period - Shot Blocked by Rasmus Ristolainen.
0:08 of 1st period - Slapshot by K'Andre Miller.
0:08 of 1st period - Stopped by Adin Hill with a rebound.
0:10 of 1st period - Slapshot by Alexander Romanov.
0:10 of 1st period - Stopped by Adin Hill without a rebound.
0:11 of 1st period - Corey Perry wins face-off versus Nicklas Backstrom in Nashville Predators zone.
0:18 of 1st period - Wrist shot by Alex Newhook.
0:18 of 1st period - Deflect By Michael Carcone.
0:18 of 1st period - Deflect By Noah Dobson.
0:18 of 1st period - Stopped by Jonas Johansson with a rebound.
0:20 of 1st period - Wrist shot by Michael Carcone.
0:20 of 1st period - Stopped by Jonas Johansson with a rebound.
0:22 of 1st period - Slapshot by Michael Carcone.
0:22 of 1st period - Shot Misses the Net.
0:24 of 1st period - Slapshot by Michael Carcone.
0:24 of 1st period - Stopped by Jonas Johansson with a rebound.
0:26 of 1st period - Slapshot by Justin Braun.
0:26 of 1st period - Stopped by Jonas Johansson with a rebound.
0:36 of 1st period - Nate Schmidt is hit by Cooper Marody.
0:42 of 1st period - Backhand shot by Riley Nash.
0:42 of 1st period - Stopped by Jonas Johansson without a rebound.
0:43 of 1st period - Cooper Marody wins face-off versus Ryan Carpenter in Los Angeles Kings zone.
1:42 of 1st period - Wrist shot by Alexander Radulov.
1:42 of 1st period - Shot Misses the Net.
1:44 of 1st period - Slapshot by Vitali Kravtsov.
1:44 of 1st period - Shot Misses the Net.
2:22 of 1st period - Wrist shot by Cooper Marody.
2:22 of 1st period - Shot Misses the Net.
2:28 of 1st period - Slapshot by K'Andre Miller.
2:28 of 1st period - Shot Blocked by Alexander Alexeyev.
2:30 of 1st period - Slapshot by Alexander Romanov.
2:30 of 1st period - Shot Misses the Net.
2:32 of 1st period - Slapshot by Alexander Romanov.
2:32 of 1st period - Shot Blocked by Alexander Alexeyev.
2:34 of 1st period - Slapshot by Cooper Marody.
2:34 of 1st period - Shot Misses the Net.
2:36 of 1st period - Snap shot by Alexander Radulov.
2:36 of 1st period - Shot Misses the Net.
3:56 of 1st period - Slapshot by Vitali Kravtsov.
3:56 of 1st period - Shot Blocked by Patrick Maroon.
4:13 of 1st period - Wrist shot by Cooper Marody.
4:13 of 1st period - Stopped by Adin Hill without a rebound.
4:14 of 1st period - Thomas Novak wins face-off versus Kirby Dach in Nashville Predators zone.
4:20 of 1st period - Minor Penalty to Cale Makar for Holding.
4:21 of 1st period - Riley Nash wins face-off versus Kirby Dach in Nashville Predators zone.
4:27 of 1st period - Icing by Alexander Romanov.
4:28 of 1st period - Riley Nash wins face-off versus Kirby Dach in Los Angeles Kings zone.
4:41 of 1st period - Snap shot by Andrei Kuzmenko.
4:41 of 1st period - Stopped by Adin Hill without a rebound.
4:42 of 1st period - Nicklas Backstrom wins face-off versus Riley Nash in Nashville Predators zone.
6:20 of 1st period - Penalty to Cale Makar is over, Cale Makar is back on ice.
6:29 of 1st period - Jakub Zboril is hit by Michael Carcone and loses puck.
6:36 of 1st period - Slapshot by Corey Perry.
6:36 of 1st period - Stopped by Jonas Johansson with a rebound.
6:38 of 1st period - Slapshot by Cale Makar.
6:38 of 1st period - Shot Misses the Net.
6:48 of 1st period - Michael Carcone is hit by Jakub Zboril and loses puck.
6:55 of 1st period - Ryan Reaves is hit by Cale Makar and loses puck.
7:44 of 1st period - Zemgus Girgensons is hit by Ryan Reaves and loses puck.
9:53 of 1st period - Jakub Zboril is hit by Blake Wheeler and loses puck.
10:24 of 1st period - Joshua Brown is hit by Patrick Maroon and loses puck.
10:43 of 1st period - Ethan Bear is hit by Kirby Dach and loses puck.
13:32 of 1st period - Alexander Radulov is hit by Rasmus Ristolainen and loses puck.
13:40 of 1st period - Icing by Cooper Marody.
13:41 of 1st period - Michael Carcone wins face-off versus Cooper Marody in Los Angeles Kings zone.
13:42 of 1st period - Wrist shot by Alex Newhook.
13:42 of 1st period - Shot Blocked by Alexander Romanov.
13:44 of 1st period - Slapshot by Michael Carcone.
13:44 of 1st period - Shot Blocked by K'Andre Miller.
14:35 of 1st period - Snap shot by Corey Perry.
14:35 of 1st period - Shot Blocked by Ryan Reaves.
14:37 of 1st period - Backhand shot by Michael Carcone.
14:37 of 1st period - Stopped by Jonas Johansson with a rebound.
14:39 of 1st period - Slapshot by Ethan Bear.
14:39 of 1st period - Shot Blocked by Ryan Reaves.
15:04 of 1st period - Nicklas Backstrom is hit by Sam Gagner and loses puck.
15:23 of 1st period - Backhand shot by Kirby Dach.
15:23 of 1st period - Stopped by Adin Hill with a rebound.
15:25 of 1st period - Slapshot by Erik Brannstrom.
15:25 of 1st period - Stopped by Adin Hill without a rebound.
15:26 of 1st period - Michael Carcone wins face-off versus Jakub Zboril in Nashville Predators zone.
15:39 of 1st period - Off-side.
15:40 of 1st period - Thomas Novak wins face-off versus Andrei Kuzmenko in neutral zone.
16:32 of 1st period - Snap shot by Ryan Reaves.
16:32 of 1st period - Stopped by Adin Hill without a rebound.
16:33 of 1st period - Blake Wheeler wins face-off versus Kirby Dach in Nashville Predators zone.
16:33 of 1st period - Blake Wheeler is hit by Joshua Brown.
16:58 of 1st period - Erik Brannstrom is hit by Michael Carcone and loses puck.
17:07 of 1st period - Snap shot by Alex Newhook.
17:07 of 1st period - Stopped by Jonas Johansson with a rebound.
17:21 of 1st period - Wrist shot by Jakub Zboril.
17:21 of 1st period - Deflect By Rasmus Sandin.
17:21 of 1st period - Stopped by Adin Hill without a rebound.
17:22 of 1st period - Thomas Novak wins face-off versus Ryan Reaves in Nashville Predators zone.
17:22 of 1st period - Thomas Novak is hit by Jakub Zboril.
18:05 of 1st period - Snap shot by Zemgus Girgensons.
18:05 of 1st period - Shot Misses the Net.
18:07 of 1st period - Snap shot by Zemgus Girgensons.
18:07 of 1st period - Stopped by Jonas Johansson with a rebound.
18:17 of 1st period - Slapshot by Rasmus Sandin.
18:17 of 1st period - Shot Misses the Net.
18:37 of 1st period - Wrist shot by Jakub Zboril.
18:37 of 1st period - Stopped by Adin Hill with a rebound.
18:54 of 1st period - Snap shot by Nate Schmidt.
18:54 of 1st period - Shot Misses the Net.
18:56 of 1st period - Wrist shot by Ryan Carpenter.
18:56 of 1st period - Stopped by Jonas Johansson with a rebound.
18:58 of 1st period - Slapshot by Nate Schmidt.
18:58 of 1st period - Shot Misses the Net.
19:00 of 1st period - Snap shot by Nate Schmidt.
19:00 of 1st period - Stopped by Jonas Johansson with a rebound.
19:02 of 1st period - Wrist shot by Brett Leason.
19:02 of 1st period - Stopped by Jonas Johansson with a rebound.
19:29 of 1st period - Snap shot by Rasmus Sandin.
19:29 of 1st period - Stopped by Adin Hill with a rebound.
19:45 of 1st period - Snap shot by Patrick Maroon.
19:45 of 1st period - Shot Misses the Net.
19:47 of 1st period - Slapshot by Justin Braun.
19:47 of 1st period - Shot Blocked by K'Andre Miller.
19:49 of 1st period - Slapshot by Nate Schmidt.
19:49 of 1st period - Shot Misses the Net.
Goals for this period are 0 for Nashville Predators vs 0 for Los Angeles Kings.
Shots for this period are 12 for Nashville Predators vs 10 for Los Angeles Kings.
2nd period
0:01 of 2nd period - Thomas Novak wins face-off versus Kirby Dach in neutral zone.
0:32 of 2nd period - Snap shot by Cale Makar.
0:32 of 2nd period - Shot Misses the Net.
0:48 of 2nd period - Slapshot by Riley Nash.
0:48 of 2nd period - Shot Blocked by Alexander Radulov.
1:26 of 2nd period - Wrist shot by Kevin Labanc.
1:26 of 2nd period - Stopped by Jonas Johansson without a rebound.
1:27 of 2nd period - Ryan Reaves wins face-off versus Thomas Novak in Los Angeles Kings zone.
1:53 of 2nd period - Wrist shot by Michael Carcone.
1:53 of 2nd period - Shot Misses the Net.
1:55 of 2nd period - Wrist shot by Michael Carcone.
1:55 of 2nd period - Stopped by Jonas Johansson without a rebound.
1:56 of 2nd period - Nicklas Backstrom wins face-off versus Michael Carcone in Los Angeles Kings zone.
1:56 of 2nd period - Nicklas Backstrom is hit by Corey Perry.
2:01 of 2nd period - Minor Penalty to Rasmus Ristolainen for Interference.
2:02 of 2nd period - Nicklas Backstrom wins face-off versus Ryan Carpenter in Nashville Predators zone.
3:58 of 2nd period - Alexander Romanov is hit by Justin Braun and loses puck.
4:01 of 2nd period - Penalty to Rasmus Ristolainen is over, Rasmus Ristolainen is back on ice.
4:22 of 2nd period - Off-side.
4:23 of 2nd period - Alex Newhook wins face-off versus Cooper Marody in neutral zone.
4:26 of 2nd period - Slapshot by Cale Makar.
4:26 of 2nd period - Stopped by Jonas Johansson with a rebound.
4:32 of 2nd period - Snap shot by Vitali Kravtsov.
4:32 of 2nd period - Shot Misses the Net.
4:46 of 2nd period - Minor Penalty to Alexander Radulov for Roughing.
4:47 of 2nd period - Blake Wheeler wins face-off versus Andrei Svechnikov in Los Angeles Kings zone.
4:50 of 2nd period - Wrist shot by Blake Wheeler.
4:50 of 2nd period - Goal by Blake Wheeler - Nashville Predators : 1 - Los Angeles Kings : 0.
4:51 of 2nd period - Thomas Novak wins face-off versus Kirby Dach in neutral zone.
5:16 of 2nd period - Alexander Alexeyev is hit by Seth Jarvis and loses puck.
5:25 of 2nd period - Slapshot by Seth Jarvis.
5:25 of 2nd period - Shot Misses the Net.
6:05 of 2nd period - Ethan Bear is hit by Andrei Kuzmenko and loses puck.
6:22 of 2nd period - Snap shot by Blake Wheeler.
6:22 of 2nd period - Shot Misses the Net.
7:46 of 2nd period - Slapshot by Cale Makar.
7:46 of 2nd period - Shot Blocked by Erik Brannstrom.
8:01 of 2nd period - Off-side.
8:02 of 2nd period - Kirby Dach wins face-off versus Thomas Novak in neutral zone.
8:09 of 2nd period - Justin Braun is hit by Andrei Kuzmenko and loses puck.
8:37 of 2nd period - Wrist shot by Nicklas Backstrom.
8:37 of 2nd period - Stopped by Adin Hill without a rebound.
8:38 of 2nd period - Thomas Novak wins face-off versus Andrei Svechnikov in Nashville Predators zone.
8:43 of 2nd period - Andrei Svechnikov is hit by Kevin Labanc and loses puck.
8:48 of 2nd period - Slapshot by Blake Wheeler.
8:48 of 2nd period - Deflect By Thomas Novak.
8:48 of 2nd period - Stopped by Jonas Johansson with a rebound.
8:50 of 2nd period - Snap shot by Ethan Bear.
8:50 of 2nd period - Stopped by Jonas Johansson with a rebound.
9:10 of 2nd period - Snap shot by Nicklas Backstrom.
9:10 of 2nd period - Stopped by Adin Hill without a rebound.
9:11 of 2nd period - Thomas Novak wins face-off versus Kirby Dach in Nashville Predators zone.
9:20 of 2nd period - Slapshot by Andrei Svechnikov.
9:20 of 2nd period - Stopped by Adin Hill with a rebound.
9:33 of 2nd period - Icing by Noah Dobson.
9:34 of 2nd period - Riley Nash wins face-off versus Kirby Dach in Los Angeles Kings zone.
9:45 of 2nd period - Snap shot by Sam Gagner.
9:45 of 2nd period - Shot Misses the Net.
9:47 of 2nd period - Slapshot by Cale Makar.
9:47 of 2nd period - Stopped by Jonas Johansson with a rebound.
9:49 of 2nd period - Snap shot by Rasmus Ristolainen.
9:49 of 2nd period - Stopped by Jonas Johansson with a rebound.
10:20 of 2nd period - Off-side.
10:21 of 2nd period - Michael Carcone wins face-off versus Cooper Marody in neutral zone.
10:34 of 2nd period - Off-side.
10:35 of 2nd period - Nicklas Backstrom wins face-off versus Thomas Novak in neutral zone.
10:45 of 2nd period - Minor Penalty to Kevin Labanc for Tripping.
10:46 of 2nd period - Nicklas Backstrom wins face-off versus Ryan Carpenter in Nashville Predators zone.
10:46 of 2nd period - Snap shot by Peyton Krebs.
10:46 of 2nd period - Stopped by Adin Hill with a rebound.
11:18 of 2nd period - Riley Nash is hit by Noah Dobson and loses puck.
12:45 of 2nd period - Penalty to Kevin Labanc is over, Kevin Labanc is back on ice.
12:54 of 2nd period - Slapshot by Cale Makar.
12:54 of 2nd period - Deflect By Blake Wheeler.
12:54 of 2nd period - Stopped by Jonas Johansson with a rebound.
13:08 of 2nd period - Slapshot by K'Andre Miller.
13:08 of 2nd period - Shot Misses the Net.
13:24 of 2nd period - Wrist shot by Corey Perry.
13:24 of 2nd period - Shot Misses the Net.
13:27 of 2nd period - Icing by Erik Brannstrom.
13:28 of 2nd period - Ryan Reaves wins face-off versus Michael Carcone in Los Angeles Kings zone.
13:33 of 2nd period - Snap shot by Alex Newhook.
13:33 of 2nd period - Shot Misses the Net.
13:51 of 2nd period - Slapshot by Rasmus Sandin.
13:51 of 2nd period - Shot Blocked by Justin Braun.
14:01 of 2nd period - Wrist shot by Corey Perry.
14:01 of 2nd period - Shot Blocked by Joshua Brown.
14:07 of 2nd period - Slapshot by Corey Perry.
14:07 of 2nd period - Stopped by Jonas Johansson without a rebound.
14:08 of 2nd period - Thomas Novak wins face-off versus Peyton Krebs in Los Angeles Kings zone.
14:24 of 2nd period - Off-side.
14:25 of 2nd period - Kirby Dach wins face-off versus Riley Nash in neutral zone.
14:28 of 2nd period - Snap shot by Kirby Dach.
14:28 of 2nd period - Shot Blocked by Ethan Bear.
15:03 of 2nd period - Nicklas Backstrom is hit by Kevin Labanc and loses puck.
15:19 of 2nd period - Icing by Alexander Romanov.
15:20 of 2nd period - Nicklas Backstrom wins face-off versus Riley Nash in Los Angeles Kings zone.
15:33 of 2nd period - Snap shot by Riley Nash.
15:33 of 2nd period - Shot Misses the Net.
15:35 of 2nd period - Slapshot by Nate Schmidt.
15:35 of 2nd period - Shot Blocked by Noah Dobson.
15:55 of 2nd period - Slapshot by Andrei Kuzmenko.
15:55 of 2nd period - Stopped by Adin Hill with a rebound.
15:57 of 2nd period - Backhand shot by Owen Power.
15:57 of 2nd period - Stopped by Adin Hill with a rebound.
16:31 of 2nd period - Slapshot by Nate Schmidt.
16:31 of 2nd period - Stopped by Jonas Johansson without a rebound.
16:32 of 2nd period - Thomas Novak wins face-off versus Cooper Marody in Los Angeles Kings zone.
16:33 of 2nd period - Snap shot by Blake Wheeler.
16:33 of 2nd period - Shot Misses the Net.
16:35 of 2nd period - Wrist shot by Kevin Labanc.
16:35 of 2nd period - Shot Blocked by K'Andre Miller.
16:37 of 2nd period - Backhand shot by Ethan Bear.
16:37 of 2nd period - Stopped by Jonas Johansson with a rebound.
16:39 of 2nd period - Backhand shot by Ethan Bear.
16:39 of 2nd period - Deflect By Blake Wheeler.
16:39 of 2nd period - Stopped by Jonas Johansson with a rebound.
16:41 of 2nd period - Slapshot by Blake Wheeler.
16:41 of 2nd period - Stopped by Jonas Johansson without a rebound.
16:42 of 2nd period - Riley Nash wins face-off versus Kirby Dach in Los Angeles Kings zone.
16:48 of 2nd period - Minor Penalty to Andrei Svechnikov for Tripping.
16:49 of 2nd period - Thomas Novak wins face-off versus Andrei Kuzmenko in Los Angeles Kings zone.
17:27 of 2nd period - Slapshot by Rasmus Ristolainen.
17:27 of 2nd period - Deflect By Corey Perry.
17:27 of 2nd period - Goal by Corey Perry - Nashville Predators : 2 - Los Angeles Kings : 0.
17:28 of 2nd period - Kevin Labanc wins face-off versus Nicklas Backstrom in neutral zone.
17:41 of 2nd period - Snap shot by Blake Wheeler.
17:41 of 2nd period - Shot Blocked by Owen Power.
17:43 of 2nd period - Slapshot by Cale Makar.
17:43 of 2nd period - Deflect By Blake Wheeler.
17:43 of 2nd period - Stopped by Jonas Johansson with a rebound.
18:17 of 2nd period - Snap shot by Ryan Carpenter.
18:17 of 2nd period - Shot Blocked by Alexander Radulov.
18:19 of 2nd period - Slapshot by Ethan Bear.
18:19 of 2nd period - Shot Blocked by Alexander Radulov.
18:21 of 2nd period - Slapshot by Patrick Maroon.
18:21 of 2nd period - Goal by Patrick Maroon - Nashville Predators : 3 - Los Angeles Kings : 0.
18:22 of 2nd period - Kirby Dach wins face-off versus Thomas Novak in neutral zone.
18:33 of 2nd period - Snap shot by Blake Wheeler.
18:33 of 2nd period - Stopped by Jonas Johansson with a rebound.
18:35 of 2nd period - Slapshot by Blake Wheeler.
18:35 of 2nd period - Stopped by Jonas Johansson with a rebound.
18:37 of 2nd period - Slapshot by Thomas Novak.
18:37 of 2nd period - Shot Misses the Net.
18:53 of 2nd period - Wrist shot by Sam Gagner.
18:53 of 2nd period - Shot Misses the Net.
18:55 of 2nd period - Slapshot by Sam Gagner.
18:55 of 2nd period - Shot Blocked by Peyton Krebs.
19:13 of 2nd period - Snap shot by Alex Newhook.
19:13 of 2nd period - Stopped by Jonas Johansson with a rebound.
19:15 of 2nd period - Slapshot by Alex Newhook.
19:15 of 2nd period - Stopped by Jonas Johansson with a rebound.
19:17 of 2nd period - Wrist shot by Michael Carcone.
19:17 of 2nd period - Stopped by Jonas Johansson with a rebound.
19:29 of 2nd period - Wrist shot by Rasmus Sandin.
19:29 of 2nd period - Deflect By Jakub Zboril.
19:29 of 2nd period - Shot Misses the Net.
19:29 of 2nd period - Puck is out of play.
19:30 of 2nd period - Ryan Reaves wins face-off versus Ryan Carpenter in Nashville Predators zone.
19:31 of 2nd period - Wrist shot by Rasmus Sandin.
19:31 of 2nd period - Shot Misses the Net.
19:33 of 2nd period - Snap shot by Rasmus Sandin.
19:33 of 2nd period - Stopped by Adin Hill with a rebound.
19:35 of 2nd period - Wrist shot by Ryan Reaves.
19:35 of 2nd period - Shot Blocked by Justin Braun.
19:37 of 2nd period - Slapshot by Joshua Brown.
19:37 of 2nd period - Stopped by Adin Hill without a rebound.
19:38 of 2nd period - Thomas Novak wins face-off versus Kirby Dach in Nashville Predators zone.
19:43 of 2nd period - Andrei Svechnikov is hit by Blake Wheeler and loses puck.
Goals for this period are 3 for Nashville Predators vs 0 for Los Angeles Kings.
Shots for this period are 22 for Nashville Predators vs 8 for Los Angeles Kings.
3rd period
0:01 of 3rd period - Riley Nash wins face-off versus Nicklas Backstrom in neutral zone.
0:06 of 3rd period - Snap shot by Zemgus Girgensons.
0:06 of 3rd period - Shot Misses the Net.
0:26 of 3rd period - Noah Dobson is hit by Thomas Novak and loses puck.
0:59 of 3rd period - Snap shot by Alex Newhook.
0:59 of 3rd period - Stopped by Jonas Johansson without a rebound.
1:00 of 3rd period - Nicklas Backstrom wins face-off versus Riley Nash in Los Angeles Kings zone.
1:51 of 3rd period - Slapshot by Rasmus Sandin.
1:51 of 3rd period - Shot Blocked by Ethan Bear.
2:13 of 3rd period - Snap shot by Seth Jarvis.
2:13 of 3rd period - Shot Blocked by Justin Braun.
2:18 of 3rd period - Off-side.
2:19 of 3rd period - Riley Nash wins face-off versus Kirby Dach in neutral zone.
2:27 of 3rd period - Icing by Owen Power.
2:28 of 3rd period - Kirby Dach wins face-off versus Riley Nash in Los Angeles Kings zone.
2:37 of 3rd period - Wrist shot by Andrei Svechnikov.
2:37 of 3rd period - Shot Misses the Net.
2:39 of 3rd period - Backhand shot by Noah Dobson.
2:39 of 3rd period - Shot Misses the Net.
2:41 of 3rd period - Wrist shot by Andrei Svechnikov.
2:41 of 3rd period - Shot Misses the Net.
2:43 of 3rd period - Wrist shot by Kirby Dach.
2:43 of 3rd period - Stopped by Adin Hill without a rebound.
2:44 of 3rd period - Thomas Novak wins face-off versus Nicklas Backstrom in Nashville Predators zone.
3:22 of 3rd period - Minor Penalty to Riley Nash for Roughing.
3:23 of 3rd period - Ryan Carpenter wins face-off versus Nicklas Backstrom in Nashville Predators zone.
3:33 of 3rd period - Snap shot by Seth Jarvis.
3:33 of 3rd period - Shot Misses the Net.
3:35 of 3rd period - Slapshot by Peyton Krebs.
3:35 of 3rd period - Shot Blocked by Alexander Alexeyev.
3:37 of 3rd period - Slapshot by Peyton Krebs.
3:37 of 3rd period - Shot Misses the Net.
3:39 of 3rd period - Slapshot by Noah Dobson.
3:39 of 3rd period - Stopped by Adin Hill with a rebound.
3:54 of 3rd period - Wrist shot by Blake Wheeler.
3:54 of 3rd period - Shot Blocked by K'Andre Miller.
5:22 of 3rd period - Penalty to Riley Nash is over, Riley Nash is back on ice.
6:03 of 3rd period - Wrist shot by Jakub Zboril.
6:03 of 3rd period - Shot Misses the Net.
6:05 of 3rd period - Snap shot by Rasmus Sandin.
6:05 of 3rd period - Stopped by Adin Hill with a rebound.
6:07 of 3rd period - Slapshot by Joshua Brown.
6:07 of 3rd period - Goal by Joshua Brown - Nashville Predators : 3 - Los Angeles Kings : 1.
6:08 of 3rd period - Michael Carcone wins face-off versus Nicklas Backstrom in neutral zone.
6:21 of 3rd period - Snap shot by Michael Carcone.
6:21 of 3rd period - Stopped by Jonas Johansson without a rebound.
6:22 of 3rd period - Kirby Dach wins face-off versus Michael Carcone in Los Angeles Kings zone.
6:22 of 3rd period - Kirby Dach is hit by Corey Perry.
6:34 of 3rd period - Slapshot by Corey Perry.
6:34 of 3rd period - Shot Hit the Post.
6:36 of 3rd period - Slapshot by Nate Schmidt.
6:36 of 3rd period - Stopped by Jonas Johansson with a rebound.
6:38 of 3rd period - Slapshot by Corey Perry.
6:38 of 3rd period - Stopped by Jonas Johansson with a rebound.
7:13 of 3rd period - Snap shot by Alexander Radulov.
7:13 of 3rd period - Shot Misses the Net.
7:15 of 3rd period - Snap shot by Alexander Radulov.
7:15 of 3rd period - Stopped by Adin Hill with a rebound.
7:17 of 3rd period - Snap shot by Vitali Kravtsov.
7:17 of 3rd period - Shot Misses the Net.
7:27 of 3rd period - Ryan Reaves is hit by Ethan Bear and loses puck.
7:36 of 3rd period - Slapshot by Cale Makar.
7:36 of 3rd period - Stopped by Jonas Johansson with a rebound.
7:38 of 3rd period - Slapshot by Cale Makar.
7:38 of 3rd period - Shot Blocked by K'Andre Miller.
8:34 of 3rd period - Patrick Maroon is hit by Nicklas Backstrom and loses puck.
8:43 of 3rd period - Wrist shot by Patrick Maroon.
8:43 of 3rd period - Stopped by Jonas Johansson without a rebound.
8:44 of 3rd period - Riley Nash wins face-off versus Kirby Dach in Los Angeles Kings zone.
9:04 of 3rd period - Andrei Kuzmenko is hit by Cale Makar and loses puck.
9:52 of 3rd period - Minor Penalty to Michael Carcone for Roughing.
9:53 of 3rd period - Ryan Carpenter wins face-off versus Kirby Dach in Nashville Predators zone.
10:28 of 3rd period - Snap shot by Nicklas Backstrom.
10:28 of 3rd period - Stopped by Adin Hill without a rebound.
10:29 of 3rd period - Riley Nash wins face-off versus Kirby Dach in Nashville Predators zone.
10:44 of 3rd period - Snap shot by Andrei Kuzmenko.
10:44 of 3rd period - Stopped by Adin Hill with a rebound.
11:03 of 3rd period - Wrist shot by Nicklas Backstrom.
11:03 of 3rd period - Shot Misses the Net.
11:25 of 3rd period - Icing by Andrei Svechnikov.
11:26 of 3rd period - Kirby Dach wins face-off versus Ryan Carpenter in Los Angeles Kings zone.
11:31 of 3rd period - Alexander Alexeyev is hit by Nicklas Backstrom and loses puck.
11:52 of 3rd period - Penalty to Michael Carcone is over, Michael Carcone is back on ice.
11:52 of 3rd period - Snap shot by Brett Leason.
11:52 of 3rd period - Stopped by Jonas Johansson without a rebound.
11:53 of 3rd period - Thomas Novak wins face-off versus Kirby Dach in Los Angeles Kings zone.
11:54 of 3rd period - Snap shot by Blake Wheeler.
11:54 of 3rd period - Stopped by Jonas Johansson with a rebound.
11:56 of 3rd period - Wrist shot by Blake Wheeler.
11:56 of 3rd period - Stopped by Jonas Johansson with a rebound.
12:04 of 3rd period - Slapshot by Thomas Novak.
12:04 of 3rd period - Goal by Thomas Novak - Nashville Predators : 4 - Los Angeles Kings : 1.
12:05 of 3rd period - Michael Carcone wins face-off versus Nicklas Backstrom in neutral zone.
12:43 of 3rd period - Snap shot by Andrei Kuzmenko.
12:43 of 3rd period - Stopped by Adin Hill with a rebound.
13:31 of 3rd period - Off-side.
13:32 of 3rd period - Michael Carcone wins face-off versus Nicklas Backstrom in neutral zone.
13:35 of 3rd period - Peyton Krebs is hit by Justin Braun and loses puck.
13:47 of 3rd period - Snap shot by Seth Jarvis.
13:47 of 3rd period - Stopped by Adin Hill without a rebound.
13:48 of 3rd period - Kirby Dach wins face-off versus Thomas Novak in Nashville Predators zone.
13:49 of 3rd period - Backhand shot by Andrei Svechnikov.
13:49 of 3rd period - Stopped by Adin Hill without a rebound.
13:50 of 3rd period - Kirby Dach wins face-off versus Thomas Novak in Nashville Predators zone.
13:59 of 3rd period - Snap shot by Kirby Dach.
13:59 of 3rd period - Shot Blocked by Rasmus Ristolainen.
14:01 of 3rd period - Slapshot by Andrei Svechnikov.
14:01 of 3rd period - Shot Blocked by Blake Wheeler.
14:03 of 3rd period - Snap shot by Andrei Kuzmenko.
14:03 of 3rd period - Stopped by Adin Hill with a rebound.
14:05 of 3rd period - Wrist shot by Alexander Romanov.
14:05 of 3rd period - Shot Misses the Net.
14:15 of 3rd period - K'Andre Miller is hit by Rasmus Ristolainen and loses puck.
14:50 of 3rd period - Icing by Michael Carcone.
14:51 of 3rd period - Ryan Carpenter wins face-off versus Ryan Reaves in Nashville Predators zone.
14:55 of 3rd period - Off-side.
14:56 of 3rd period - Ryan Carpenter wins face-off versus Ryan Reaves in neutral zone.
15:30 of 3rd period - Wrist shot by Rasmus Sandin.
15:30 of 3rd period - Stopped by Adin Hill with a rebound.
15:32 of 3rd period - Snap shot by Jakub Zboril.
15:32 of 3rd period - Shot Misses the Net.
15:34 of 3rd period - Snap shot by Jakub Zboril.
15:34 of 3rd period - Shot Misses the Net.
15:36 of 3rd period - Wrist shot by Rasmus Sandin.
15:36 of 3rd period - Shot Misses the Net.
15:38 of 3rd period - Snap shot by Jakub Zboril.
15:38 of 3rd period - Shot Blocked by Alexander Alexeyev.
15:40 of 3rd period - Snap shot by Jakub Zboril.
15:40 of 3rd period - Stopped by Adin Hill with a rebound.
15:42 of 3rd period - Slapshot by Alexander Romanov.
15:42 of 3rd period - Stopped by Adin Hill with a rebound.
15:44 of 3rd period - Wrist shot by Ryan Reaves.
15:44 of 3rd period - Stopped by Adin Hill with a rebound.
15:46 of 3rd period - Snap shot by Alexander Romanov.
15:46 of 3rd period - Stopped by Adin Hill without a rebound.
15:47 of 3rd period - Nicklas Backstrom wins face-off versus Thomas Novak in Nashville Predators zone.
15:56 of 3rd period - Snap shot by Seth Jarvis.
15:56 of 3rd period - Stopped by Adin Hill without a rebound.
15:57 of 3rd period - Nicklas Backstrom wins face-off versus Thomas Novak in Nashville Predators zone.
15:58 of 3rd period - Wrist shot by Peyton Krebs.
15:58 of 3rd period - Deflect By Nicklas Backstrom.
15:58 of 3rd period - Stopped by Adin Hill with a rebound.
16:34 of 3rd period - Backhand shot by Seth Jarvis.
16:34 of 3rd period - Shot Misses the Net.
16:48 of 3rd period - Wrist shot by Nicklas Backstrom.
16:48 of 3rd period - Deflect By Seth Jarvis.
16:48 of 3rd period - Stopped by Adin Hill with a rebound.
16:50 of 3rd period - Minor Penalty to Blake Wheeler for Interference.
16:51 of 3rd period - Kirby Dach wins face-off versus Ryan Carpenter in Nashville Predators zone.
16:58 of 3rd period - Snap shot by Andrei Svechnikov.
16:58 of 3rd period - Shot Misses the Net.
17:00 of 3rd period - Snap shot by Andrei Kuzmenko.
17:00 of 3rd period - Shot Misses the Net.
17:02 of 3rd period - Snap shot by Kirby Dach.
17:02 of 3rd period - Stopped by Adin Hill with a rebound.
17:04 of 3rd period - Wrist shot by Andrei Svechnikov.
17:04 of 3rd period - Goal by Andrei Svechnikov - Nashville Predators : 4 - Los Angeles Kings : 2.
17:05 of 3rd period - Riley Nash wins face-off versus Alexander Radulov in neutral zone.
17:30 of 3rd period - Alexander Radulov is hit by Rasmus Ristolainen and loses puck.
17:31 of 3rd period - Alexander Radulov from Los Angeles Kings is injured at 17:31 of 3rd period (Bruised Right Arm).
17:32 of 3rd period - Riley Nash wins face-off versus Cooper Marody in Los Angeles Kings zone.
17:41 of 3rd period - Backhand shot by Noah Dobson.
17:41 of 3rd period - Shot Blocked by Zemgus Girgensons.
17:43 of 3rd period - Snap shot by Vitali Kravtsov.
17:43 of 3rd period - Shot Misses the Net.
17:45 of 3rd period - Snap shot by Cooper Marody.
17:45 of 3rd period - Deflect By Vitali Kravtsov.
17:45 of 3rd period - Shot Misses the Net.
17:45 of 3rd period - Puck is out of play.
17:46 of 3rd period - Cooper Marody wins face-off versus Riley Nash in Nashville Predators zone.
17:51 of 3rd period - Slapshot by Vitali Kravtsov.
17:51 of 3rd period - Shot Misses the Net.
17:55 of 3rd period - Wrist shot by Ryan Reaves.
17:55 of 3rd period - Stopped by Adin Hill without a rebound.
17:56 of 3rd period - Cooper Marody wins face-off versus Riley Nash in Nashville Predators zone.
18:09 of 3rd period - Wrist shot by Cooper Marody.
18:09 of 3rd period - Shot Blocked by Zemgus Girgensons.
18:11 of 3rd period - Wrist shot by Ryan Reaves.
18:11 of 3rd period - Shot Misses the Net.
18:25 of 3rd period - Wrist shot by Vitali Kravtsov.
18:25 of 3rd period - Goal by Vitali Kravtsov - Nashville Predators : 4 - Los Angeles Kings : 3.
18:26 of 3rd period - Riley Nash wins face-off versus Cooper Marody in neutral zone.
18:35 of 3rd period - Snap shot by Sam Gagner.
18:35 of 3rd period - Shot Misses the Net.
18:37 of 3rd period - Backhand shot by Cale Makar.
18:37 of 3rd period - Shot Hit the Post.
18:39 of 3rd period - Slapshot by Rasmus Ristolainen.
18:39 of 3rd period - Deflect By Sam Gagner.
18:39 of 3rd period - Stopped by Jonas Johansson with a rebound.
18:41 of 3rd period - Snap shot by Zemgus Girgensons.
18:41 of 3rd period - Shot Misses the Net.
19:08 of 3rd period - Slapshot by Kevin Labanc.
19:08 of 3rd period - Shot Misses the Net.
19:18 of 3rd period - Slapshot by Cale Makar.
19:18 of 3rd period - Deflect By Blake Wheeler.
19:18 of 3rd period - Shot Misses the Net.
19:18 of 3rd period - Puck is out of play.
19:19 of 3rd period - Benoit Groulx call a timeout for Los Angeles Kings.
19:19 of 3rd period - Kirby Dach wins face-off versus Blake Wheeler in Los Angeles Kings zone.
19:26 of 3rd period - Los Angeles Kings, Jonas Johansson is pulled from the net.
19:50 of 3rd period - Snap shot by Andrei Kuzmenko.
19:50 of 3rd period - Shot Blocked by Corey Perry.
19:52 of 3rd period - Snap shot by Kirby Dach.
19:52 of 3rd period - Shot Misses the Net.
19:54 of 3rd period - Snap shot by K'Andre Miller.
19:54 of 3rd period - Stopped by Adin Hill with a rebound.
Goals for this period are 1 for Nashville Predators vs 3 for Los Angeles Kings.
Shots for this period are 11 for Nashville Predators vs 24 for Los Angeles Kings.
Back to the Top